 Dungeon Crawl Stone Soup version 0.26-a0-757-g626ac9e51a (webtiles) character file.

Game seed: 18420732671110043766

17 jasper the Sneak (level 2, 0/15 HPs)
             Began as a Kobold Enchanter on Nov 7, 2020.
             Succumbed to an adder's poison
             ... on level 2 of the Dungeon.
             The game lasted 00:01:25 (1397 turns).

jasper the Sneak (Kobold Enchanter)                 Turns: 1397, Time: 00:01:26

Health: 0/15       AC:  3    Str:  5    XL:     2   Next: 80%
Magic:  5/5        EV: 15    Int: 16    God:
Gold:   161        SH:  0    Dex: 15    Spells: 4/5 levels left

rFire    . . .     SeeInvis .   e - +2 hunting sling (freeze)
rCold    . . .     Faith    .   (shield restricted)
rNeg     . . .     Spirit   .   b - +0 robe
rPois    .         Reflect  .   (no helmet)
rElec    .         Harm     .   j - +0 cloak
rCorr    .         Rampage  .   (no gloves)
MR       .....                  (no boots)
Stlth    ++++......             (no amulet)
HPRegen  0.05/turn              (no ring)
MPRegen  0.09/turn              (no ring)

@: brilliant, lethally poisoned (0 -> -3), attractive, hasted, very quick
A: small, nightstalker 3
a: no special abilities


You were on level 2 of the Dungeon.
You visited 1 branch of the dungeon, and saw 2 of its levels.

You collected 161 gold pieces.

Inventory:

Hand Weapons
 a - a +1 dagger
 e - a +2 hunting sling of freezing (weapon)
Missiles
 f - 13 sling bullets (quivered)
 h - 59 stones
 m - 14 poisoned darts
Armour
 b - a +0 robe (worn)
 c - a +0 leather armour
 j - a +0 cloak (worn)
Scrolls
 i - a scroll of fog {unknown}
 l - a scroll of enchant armour {unknown}


   Skills:
 - Level 1.3 Short Blades
 - Level 2.4 Dodging
 + Level 5.4 Stealth
 - Level 2.1 Spellcasting
 - Level 3.0 Hexes


You had 4 spell levels left.
You knew the following spells:

 Your Spells              Type           Power        Failure   Level
a - Corona                Hex            ###....      6%          1

Your spell library contained the following spells:

 Spells                   Type           Power        Failure   Level
 Ensorcelled Hibernation  Hex/Ice        #.....       17%         2
 Confusing Touch          Hex            ###.....     19%         3
 Tukima's Dance           Hex            ###.....     19%         3
 Dazzling Flash           Conj/Hex       #.....       32%         3


Dungeon Overview and Level Annotations

Branches:
Dungeon (2/15)

Altars:


Innate Abilities, Weirdness & Mutations

You are small and have problems with some larger weapons.
You are completely attuned to the shadows.


Message History

You feel attractive to monsters.
* * * LOW HITPOINT WARNING * * *
You feel sick.
You take 1 damage, and have 3/15 hp.
Things that are here:
4 sling bullets; an adder corpse
Things that are here:
a sling bullet; a bat corpse
Things that are here:
4 sling bullets; an adder corpse
* * * LOW HITPOINT WARNING * * *
You feel sick.
Things that are here:
a sling bullet; a bat corpse You take 1 damage, and have 2/15 hp.
* * * LOW HITPOINT WARNING * * *
You feel sick.
You take 1 damage, and have 1/15 hp.
There is a stone staircase leading down here.
You die...

#..............#
#.###########.##
#.# #.# #.# #####.#
#.# #.....# #.#
#.##### #.### #.#
#####...#####.#####
....(....>...@....#
#####.#######.###.#
#.(.....#.# #.#
##.(.#..#.# #.#
#.#.#..#.# #.#
#....<...###.#
#.###..##....# #.#
#.......## #.#
##.##.###


There were no monsters in sight!

Vanquished Creatures
  An adder (D:2)
  2 bats
  A goblin (D:1)
  A hobgoblin (D:1)
  2 kobolds (D:1)
  A frilled lizard (D:1)
  A rat (D:1)
9 creatures vanquished.

Notes
Turn   | Place    | Note
-------+----------+-------------------------------------------
     0 | D:1      | jasper the Kobold Enchanter began the quest for the Orb.
     0 | D:1      | Reached XP level 1. HP: 10/10 MP: 3/3
   349 | D:1      | Reached XP level 2. HP: 9/15 MP: 5/5
  1381 | D:2      | Reached skill level 5 in Stealth
  1397 | D:2      | Succumbed to an adder's poison

Illustrated notes

Levels and vault maps discovered:
D:1:      minmay_arrival_stone_box, layout_loops_corners
D:2:      layout_basic, uniq_robin

Skill      XL: |  1  2 |
---------------+-------+-----
Stealth        | 5 |  5.4
Short Blades   | |  1.3
Dodging        | |  2.4
Spellcasting   | |  2.1
Hexes          | |  3.0

Action                   || total
-------------------------++-------
Melee: Dagger            ||    12
 Fire: Hunting sling     ||    18
  Use: Potion            ||     3
 Stab: Sleeping          ||     3
Armor: Robe              ||     5
Dodge: Dodged            ||    22

Table legend: (Time is in decaauts)
 A = Elapsed time spent in this place.
 B = Non-inter-level travel time spent in this place.
 C = Inter-level travel time spent in this place.
 D = Time resting spent in this place.
 E = Time spent auto-exploring this place.
 F = Levels seen in this place.
 G = Mean time per level.
                   A        B        C        D        E       F      G
               +--------+--------+--------+--------+--------+-----+--------+
         Total |   1394 |   1317 |     77 |    306 |    900 |   2 |  697.0 |
       Dungeon |   1394 |   1317 |     77 |    306 |    900 |   2 |  697.0 |
               +--------+--------+--------+--------+--------+-----+--------+

Top non-repeatable levels by time:
     D:1: 1190 daAuts
     D:2: 204 daAuts
